 Dungeon Crawl Stone Soup version 0.26.1-11-gd32895ea62 (webtiles) character file.

Game seed: 6543124068093769757

48 DildoBatman the Conjurer (level 4, 0/30 HPs)
             Began as a Formicid Conjurer on May 13, 2021.
             Slain by a giant cockroach (1 damage)
             ... on level 3 of the Dungeon.
             The game lasted 00:02:46 (1232 turns).

DildoBatman the Conjurer (Formicid Conjurer)        Turns: 1232, Time: 00:02:47

Health: 0/30       AC:  2    Str: 12    XL:     4   Next: 0%
Magic:  4/7        EV: 12    Int: 18    God:
Gold:   10         SH:  0    Dex:  9    Spells: 4/7 levels left

rFire    . . .     SeeInvis +   e - +0 dagger
rCold    . . .     Faith    .   (no shield)
rNeg     . . .     Spirit   .   a - +0 robe
rPois    .         Reflect  .   (helmet unavailable)
rElec    .         Harm     .   (no cloak)
rCorr    .         Rampage  .   (no gloves)
Will     .....                  (no boots)
Stlth    ++........             (no amulet)
HPRegen  0.10/turn              (no ring)
MPRegen  0.10/turn              (no ring)

@: no status effects
A: permanent stasis, dig shafts and tunnels, four strong arms, antennae 3
a: Dig, Shaft Self


You were on level 3 of the Dungeon.
You visited 1 branch of the dungeon, and saw 3 of its levels.

You collected 10 gold pieces.

Inventory:

Hand Weapons
 e - a +0 dagger (weapon)
Missiles
 c - 38 stones
 f - 19 arrows
Armour
 a - a +0 robe (worn)
Scrolls
 b - a scroll of fear {unknown}
 g - a scroll of teleportation {unknown}
Potions
 d - 2 potions of heal wounds {unknown}


   Skills:
 - Level 1.7 Dodging
 - Level 2.4 Stealth
 - Level 2.1 Spellcasting
 * Level 4.8 Conjurations


You had 4 spell levels left.
You knew the following spells:

 Your Spells              Type           Power        Failure   Level
a - Searing Ray           Conj           38%          3%          2
c - Magic Dart            Conj           76%          2%          1

Your spell library contained the following spells:

 Spells                   Type           Power        Failure   Level
 Dazzling Flash           Conj/Hex       20%          21%         3
 Fulminant Prism          Conj/Hex       5%           54%         4
 Iskenderun's Mystic Bla  Conj/Tloc      10%          54%         4


Dungeon Overview and Level Annotations

Branches:
Dungeon (2/15)

Altars:


Innate Abilities, Weirdness & Mutations

You cannot be hasted, slowed, berserked, paralysed or teleported.
You can dig through walls and to a lower floor.
Your four strong arms can wield two-handed weapons with a shield.
You have a pair of large antennae on your head. (SInv)


Message History

What are your orders? t - Shout!
Orders for allies: a - Attack new target. r - Retreat! s - Stop attacking. g - Guard the area. f - Follow me.
Anything else - Cancel.
You shout for attention!
The giant cockroach bites you. The orc hits you. The giant cockroach bites you.
What are your orders? t - Shout!
Orders for allies: a - Attack new target. r - Retreat! s - Stop attacking. g - Guard the area. f - Follow me.
Anything else - Cancel.
You shout for attention!
The orc hits you. The giant cockroach bites you.
You die...

. .# { ..
#. #. #.
#.## #.@#
##Boo.....
#o.......
#.....#..
##...##
...< ....#
..###


You could see 3 orcs and a giant cockroach.

Vanquished Creatures
  An ooze (D:2)
  A dart slug (D:2)
  2 leopard geckos (D:1)
  7 bats
  5 goblins
  2 hobgoblins
  8 jackals (D:1)
  4 kobolds
  A quokka (D:2)
  2 frilled lizards (D:1)
  2 rats (D:1)
35 creatures vanquished.

Notes
Turn   | Place    | Note
-------+----------+-------------------------------------------
     0 | D:1      | DildoBatman the Formicid Conjurer began the quest for the
                  | Orb.
     0 | D:1      | Reached XP level 1. HP: 13/13 MP: 3/3
   223 | D:1      | Reached XP level 2. HP: 19/19 MP: 1/5
   226 | D:1      | Learned a level 2 spell: Searing Ray
   248 | D:1      | Reached skill level 4 in Conjurations
   583 | D:1      | Reached XP level 3. HP: 24/24 MP: 4/6
  1194 | D:2      | Reached XP level 4. HP: 30/30 MP: 0/7
  1196 | D:2      | You fall into a shaft and drop 1 floor!
  1232 | D:3      | HP: 1/30 [orc (3)]
  1232 | D:3      | Slain by a giant cockroach

Illustrated notes

Levels and vault maps discovered:
D:1:      dpeg_arrival_long_road, layout_loops_ring,
          corexii_item_surrounded_by_moat
D:2:      layout_loops_ring, chequers_ecumenical_altar_simple_redux,
          chequers_serial_rivers_micro_b, minmay_tromino_v2
D:3:      layout_basic, kennysheep_generic_room_4, uniq_robin

Skill      XL: |  1  2 |
---------------+-------+-----
Conjurations   | 4 |  4.8
Dodging        | |  1.7
Stealth        | |  2.4
Spellcasting   | |  2.1

Action                   |  1- 3 |  4- 6 || total
-------------------------+-------+-------++-------
Melee: Unarmed           |     4 |       ||     4
       Dagger            |    31 |       ||    31
 Cast: Magic Dart        |    53 |       ||    53
       Searing Ray       |     4 |       ||     4
 Abil: Dig               |     3 |       ||     3
       Shaft Self        |       |     1 ||     1
Armor: Robe              |     9 |    11 ||    20
Dodge: Dodged            |    40 |    40 ||    80
